[ AOE2 MATCH · #505732824 ]
UnrankedJapanese vs Franks
Player's team · WIN
Rival team · LOSS
[ REPLAY ANALYSIS · EXTRACTED FROM THE RECORDED GAME ]
Feudal
8:55
Castle
22:50
Imperial
—
| APM avg | 52.2 |
| APM peak | 101 |
| eAPM avg | 21.9 |
| Villagers / military | 48 / 37 |
Focus
⚔️ 38.5% · 🌾 61.5%
Militia ×26 · Skirmisher ×11
Feudal
9:15
Castle
—
Imperial
—
| APM avg | 36.4 |
| APM peak | 72 |
| eAPM avg | 14.1 |
| Villagers / military | 45 / 21 |
Focus
⚔️ 16.0% · 🌾 84.0%
Archer ×12 · Skirmisher ×6 · Scout Cavalry ×3
Match map
Initial resources + every placement click. Lines = walls · curves = elevation contours. ◆ gold · ⬟ stone · ● berries · ✦ relic · ◌ wall gap
Your base· Open — 1t gap
Preston's base· Open — 2t gap
Smoothed initial terrain · ◌ = detected wall gap · hover for details
Inputs per minute
— [LSG] Jorgito Yoyo - - Preston
Build order — [LSG] Jorgito Yoyo
144 actions detected in the replay
| 0:00 | Queue | Villager (Male) |
| 0:00 | Queue | Villager (Male) |
| 0:02 | Build | House |
| 0:04 | Build | House |
| 0:11 | Queue | Villager (Male) |
| 0:24 | Queue | Villager (Male) |
| 1:30 | Queue | Villager (Male) |
| 1:45 | Build | Lumber Camp |
| 1:51 | Queue | Villager (Male) |
| 2:11 | Queue | Villager (Male) |
| 2:43 | Queue | Villager (Male) |
| 3:10 | Queue | Villager (Male) |
| 3:25 | Build | House |
| 3:40 | Queue | Villager (Male) |
| 3:40 | Queue | Villager (Male) |
| 3:44 | Queue | Villager (Male) |
| 4:17 | Queue | Villager (Male) |
| 4:20 | Queue | Villager (Male) |
| 4:46 | Build | Mining Camp |
| 5:10 | Queue | Villager (Male) |
| 5:52 | Queue | Villager (Male) |
| 5:55 | Research | Loom |
| 6:19 | Build | Barracks |
| 6:45 | Research | Feudal Age |
| 7:29 | Queue | Militia |
| 7:30 | Queue | Militia |
| 7:30 | Queue | Militia |
| 7:32 | Build | Palisade Wall |
| 7:35 | Build | Palisade Wall |
| 7:41 | Queue | Militia |
| 7:48 | Build | House |
| 8:25 | Queue | Villager (Male) |
| 8:41 | Build | Mill |
| 8:55 | Queue | Villager (Male) |
| 8:55 | Age | Feudal Age |
| 8:59 | Research | Man-at-Arms (upgrade) |
| 9:00 | Research | Double-Bit Axe |
| 9:00 | Research | Double-Bit Axe |
| 9:06 | Build | Archery Range |
| 9:11 | Build | House |
| 9:30 | Queue | Militia |
| 9:42 | Queue | Villager (Male) |
| 10:04 | Queue | Militia |
| 10:10 | Build | House |
| 10:12 | Queue | Skirmisher |
| 10:25 | Queue | Villager (Male) |
| 10:28 | Queue | Skirmisher |
| 10:41 | Queue | Skirmisher |
| 11:04 | Queue | Militia |
| 11:05 | Queue | Skirmisher |
| 11:29 | Queue | Villager (Male) |
| 11:30 | Queue | Skirmisher |
| 11:34 | Build | Farm |
| 11:34 | Build | Farm |
| 11:35 | Build | Farm |
| 11:35 | Build | Farm |
| 11:35 | Build | Farm |
| 11:39 | Build | Farm |
| 11:44 | Build | House |
| 12:04 | Queue | Militia |
| 12:05 | Queue | Skirmisher |
| 12:06 | Queue | Villager (Male) |
| 12:07 | Queue | Villager (Male) |
| 12:10 | Build | House |
| 12:12 | Build | Palisade Wall |
| 12:17 | Queue | Skirmisher |
| 12:27 | Queue | Villager (Male) |
| 12:34 | Queue | Villager (Male) |
| 12:57 | Queue | Militia |
| 13:06 | Queue | Villager (Male) |
| 13:07 | Build | Farm |
| 13:09 | Build | Farm |
| 13:10 | Queue | Villager (Male) |
| 13:16 | Build | Farm |
| 13:27 | Queue | Villager (Male) |
| 13:39 | Queue | Militia |
| 13:39 | Queue | Militia |
| 13:44 | Build | House |
| 14:24 | Queue | Militia |
| 14:25 | Queue | Skirmisher |
| 14:26 | Queue | Villager (Male) |
| 14:29 | Build | Farm |
| 14:29 | Build | Farm |
| 14:29 | Build | Farm |
| 14:29 | Build | Farm |
| 14:30 | Build | Farm |
| 14:37 | Build | Farm |
| 14:39 | Queue | Villager (Male) |
| 14:40 | Queue | Militia |
| 15:06 | Queue | Villager (Male) |
| 15:07 | Queue | Militia |
| 15:10 | Build | Farm |
| 15:13 | Build | Farm |
| 15:18 | Build | House |
| 15:21 | Queue | Militia |
| 16:05 | Build | Blacksmith |
| 16:35 | Queue | Villager (Male) |
| 16:36 | Queue | Militia |
| 16:39 | Queue | Villager (Male) |
| 16:41 | Build | House |
| 16:46 | Queue | Militia |
| 17:47 | Research | Fletching |
| 17:47 | Queue | Villager (Male) |
| 17:50 | Build | Farm |
| 17:50 | Build | Farm |
| 17:50 | Build | Farm |
| 17:50 | Build | Farm |
| 17:51 | Build | Farm |
| 17:55 | Build | Farm |
| 17:56 | Queue | Villager (Male) |
| 17:57 | Queue | Villager (Male) |
| 17:58 | Queue | Militia |
| 18:22 | Queue | Villager (Male) |
| 18:24 | Queue | Villager (Male) |
| 18:34 | Research | Gold Mining |
| 19:41 | Queue | Villager (Male) |
| 19:41 | Queue | Villager (Male) |
| 19:45 | Queue | Militia |
| 19:45 | Queue | Militia |
| 19:46 | Queue | Skirmisher |
| 20:09 | Research | Castle Age |
| 20:12 | Research | Scale Mail Armor |
| 20:20 | Queue | Villager (Male) |
| 20:45 | Queue | Skirmisher |
| 20:46 | Queue | Militia |
| 20:48 | Queue | Militia |
| 21:19 | Queue | Villager (Male) |
| 21:20 | Queue | Militia |
| 21:20 | Queue | Skirmisher |
| 21:23 | Queue | Villager (Male) |
| 21:29 | Research | Forging |
| 21:35 | Queue | Villager (Male) |
| 22:11 | Queue | Militia |
| 22:12 | Queue | Villager (Male) |
| 22:27 | Queue | Militia |
| 22:41 | Research | Horse Collar |
| 22:46 | Queue | Villager (Male) |
| 22:50 | Age | Castle Age |
| 22:52 | Research | Chain Mail Armor |
| 22:53 | Research | Long Swordsman (upgrade) |
| 23:03 | Queue | Villager (Male) |
| 23:24 | Queue | Militia |
| 23:40 | Queue | Villager (Male) |
| 23:44 | Build | Barracks |
Build order — Preston
121 actions detected in the replay
| 0:00 | Queue | Villager (Male) |
| 0:01 | Queue | Villager (Male) |
| 0:01 | Queue | Villager (Male) |
| 0:03 | Build | House |
| 0:05 | Build | House |
| 0:31 | Queue | Villager (Male) |
| 1:42 | Queue | Villager (Male) |
| 1:42 | Queue | Villager (Male) |
| 1:51 | Queue | Villager (Male) |
| 2:30 | Queue | Villager (Male) |
| 2:30 | Queue | Villager (Male) |
| 2:53 | Build | Lumber Camp |
| 2:58 | Queue | Villager (Male) |
| 2:58 | Queue | Villager (Male) |
| 2:59 | Queue | Villager (Male) |
| 3:28 | Queue | Villager (Male) |
| 4:01 | Queue | Villager (Male) |
| 4:01 | Queue | Villager (Male) |
| 4:01 | Queue | Villager (Male) |
| 4:07 | Build | House |
| 4:28 | Queue | Villager (Male) |
| 4:56 | Queue | Villager (Male) |
| 4:56 | Queue | Villager (Male) |
| 4:57 | Queue | Villager (Male) |
| 6:13 | Build | Mill |
| 6:22 | Queue | Villager (Male) |
| 6:26 | Build | House |
| 7:05 | Research | Feudal Age |
| 7:10 | Research | Loom |
| 7:58 | Queue | Villager (Male) |
| 7:58 | Queue | Villager (Male) |
| 8:19 | Build | Mining Camp |
| 8:35 | Build | Mill |
| 8:38 | Queue | Villager (Male) |
| 9:15 | Age | Feudal Age |
| 9:20 | Build | House |
| 9:23 | Research | Double-Bit Axe |
| 9:37 | Queue | Villager (Male) |
| 9:46 | Build | House |
| 11:21 | Queue | Villager (Male) |
| 11:21 | Queue | Villager (Male) |
| 11:22 | Queue | Villager (Male) |
| 11:40 | Build | Barracks |
| 11:59 | Build | House |
| 12:10 | Queue | Villager (Male) |
| 12:21 | Build | Archery Range |
| 12:39 | Queue | Villager (Male) |
| 12:40 | Queue | Villager (Male) |
| 12:56 | Build | Mining Camp |
| 13:04 | Build | Mining Camp |
| 13:19 | Queue | Archer |
| 13:20 | Queue | Archer |
| 13:25 | Build | Market |
| 13:33 | Build | House |
| 13:34 | Build | House |
| 13:43 | Research | Wheelbarrow |
| 13:43 | Research | Town Watch |
| 13:45 | Queue | Villager (Male) |
| 13:46 | Queue | Villager (Male) |
| 13:51 | Queue | Skirmisher |
| 13:51 | Queue | Skirmisher |
| 14:25 | Build | Blacksmith |
| 14:35 | Queue | Archer |
| 14:35 | Queue | Archer |
| 14:48 | Build | House |
| 14:49 | Build | House |
| 14:50 | Build | House |
| 14:51 | Build | House |
| 14:57 | Queue | Archer |
| 15:02 | Research | Fletching |
| 15:09 | Queue | Villager (Male) |
| 15:21 | Queue | Archer |
| 15:25 | Build | House |
| 15:28 | Build | House |
| 15:39 | Build | House |
| 15:40 | Build | House |
| 15:41 | Build | House |
| 16:32 | Queue | Archer |
| 16:32 | Queue | Archer |
| 16:43 | Build | Archery Range |
| 16:45 | Queue | Villager (Male) |
| 17:12 | Build | Stable |
| 17:29 | Build | Stable |
| 17:37 | Queue | Archer |
| 17:37 | Queue | Archer |
| 17:39 | Queue | Skirmisher |
| 17:39 | Queue | Skirmisher |
| 17:49 | Queue | Skirmisher |
| 17:50 | Queue | Skirmisher |
| 19:19 | Queue | Villager (Male) |
| 19:19 | Queue | Villager (Male) |
| 19:39 | Build | Farm |
| 19:39 | Build | Farm |
| 19:39 | Build | Farm |
| 19:39 | Build | Farm |
| 19:40 | Build | Farm |
| 19:40 | Build | Farm |
| 19:49 | Build | Mill |
| 19:56 | Build | Farm |
| 19:57 | Build | Farm |
| 19:57 | Build | Farm |
| 19:57 | Build | Farm |
| 20:00 | Build | House |
| 20:32 | Build | Mill |
| 21:22 | Queue | Villager (Male) |
| 21:22 | Queue | Villager (Male) |
| 21:22 | Queue | Villager (Male) |
| 21:27 | Build | Farm |
| 21:32 | Queue | Villager (Male) |
| 21:32 | Queue | Villager (Male) |
| 21:36 | Build | House |
| 21:38 | Build | House |
| 21:42 | Build | House |
| 22:16 | Queue | Villager (Male) |
| 22:17 | Queue | Villager (Male) |
| 22:36 | Queue | Archer |
| 22:36 | Queue | Archer |
| 22:39 | Queue | Villager (Male) |
| 22:41 | Queue | Scout Cavalry |
| 22:41 | Queue | Scout Cavalry |
| 22:48 | Queue | Scout Cavalry |
Match timeline
| 6:19 | [LSG] Jorgito Yoyo · first_building Barracks |
| 7:32 | [LSG] Jorgito Yoyo · wall_segment Palisade Wall x1 |
| 7:35 | [LSG] Jorgito Yoyo · wall_segment Palisade Wall x1 |
| 8:55 | [LSG] Jorgito Yoyo · age_up feudal |
| 9:06 | [LSG] Jorgito Yoyo · first_building Archery Range |
| 9:15 | Preston · age_up feudal |
| 11:40 | Preston · first_building Barracks |
| 12:12 | [LSG] Jorgito Yoyo · wall_segment Palisade Wall x1 |
| 12:21 | Preston · first_building Archery Range |
| 14:32 | Preston · first_market_sell 100 stone |
| 17:12 | Preston · first_building Stable |
| 18:02 | Preston · first_market_buy 100 stone |
| 22:50 | [LSG] Jorgito Yoyo · age_up castle |
| 23:54 | Preston · resign |
[ AI ANALYSIS · 1 CREDIT ]
What really happened in this match?
Wolo.gg analyzes every decision: build order, eco, micro, common mistakes by bracket. Personalized analysis on WhatsApp or Discord in 30 seconds.
Civ guide
Japanese
Perfil
Jugador #5709457